 Dungeon Sprint DCSS version 0.28-a0-1374-ga75cb3825e (webtiles) character file.

Game seed: 511995372848836906

1988 mhtbhm the Basher (level 9, -18/64 HPs)
             Began as a Gargoyle Fighter on Jan 1, 2022.
             Was a Believer of Okawaru.
             Demolished by Erolcha (21 damage)
             ... in the Dungeon (Sprint III: "The Ten Rune Challenge").
             The game lasted 00:04:53 (1356 turns).

mhtbhm the Basher (Gargoyle Fighter)                Turns: 1356, Time: 00:04:53

Health: -18/64     AC: 21    Str: 25    XL:     9   Next: 21%
Magic:  14/14      EV: 10    Int:  8    God:    Okawaru [**....]
Gold:   39         SH:  5    Dex:  9    Spells: 8/8 levels left

rFire   . . .      SeeInvis .   a - +0 flail
rCold   . . .      Faith    .   c - +0 buckler
rNeg    + . .      Spirit   .   b - +0 scale mail
rPois   ∞          Reflect  .   (no helmet)
rElec   +          Harm     .   f - +0 cloak
rCorr   .          Rampage  .   (no gloves)
Will    .....      NoTele   +   d - +2 pair of boots
Stlth   ..........              (no amulet)
HPRegen 0.20/turn               (no ring)
MPRegen 0.14/turn               (no ring)

@: no status effects
A: sickness immunity, AC +6, negative energy resistance 1, electricity
resistance, torment resistance 1, petrification resistance, talons 2, shaggy fur
1, wild magic 1
a: Renounce Religion, Heroism


You were in the Dungeon.
You worshipped Okawaru.
Okawaru was pleased with you.
You visited 1 branch You collected 39 gold pieces.

Inventory:

Hand Weapons
 a - a +0 flail (weapon)
Armour
 b - a +0 scale mail (worn)
 c - a +0 buckler (worn)
 d - a +2 pair of boots (worn)
 f - a +0 cloak (worn)
Scrolls
 i - 2 scrolls of immolation {unknown}
 k - a scroll of vulnerability {unknown}
 m - 2 scrolls of identify
Potions
 e - 2 potions of curing
 h - 2 potions of magic
 l - 3 potions of flight
 n - 3 potions of mutation
Miscellaneous
 o - a tin of tremorstones (inert)


   Skills:
 + Level 11.2 Fighting
 + Level 11.3 Maces & Flails
 + Level 11.0 Armour
 + Level 2.1 Dodging
 + Level 2.0 Stealth
 + Level 8.7 Shields
 * Level 6.7 Invocations
 + Level 0.8 Evocations


You had 8 spell levels left.
You didn't know any spells.
Your spell library contained the following spells:

 Spells                   Type           Power      Damage    Failure   Level
 Static Discharge         Conj/Air       0%         N/A       85%         2
 Hailstorm                Conj/Ice       0%         3d3       100%        4
 Ice Form                 Ice/Tmut       0%         N/A       100%        4
 Lightning Bolt           Conj/Air       0%         1d11      100%        5
 Maxwell's Capacitive Co  Air            0%         ∞         100%        8
 Simulacrum               Ice/Necr       Unusable   N/A       N/A         6

Dungeon Overview and Level Annotations

Branches:
Dungeon (1/1)

Altars:
Cheibriados
Dithmenos
Elyvilon
Fedhas
Gozag
Hepliaklqana
Kikubaaqudgha
Makhleb
Nemelex Xobeh
Okawaru
Qazlal
Ru
Sif Muna
Trog
Uskayaw
Vehumet
Wu Jian
Xom
Yredelemnul
Zin
The Shining One
Beogh
Jiyva
Lugonu

Annotations:
D Erolcha


Innate Abilities, Weirdness & Mutations

You are immune to sickness and miasma.
Your stone body is resilient. (AC +6)
You are immune to poison.
You resist negative energy. (rN+)
You are resistant to electric shocks. (rElec)
You are resistant to unholy torment.
You are immune to petrification.
You have razor-sharp toenails.
You are covered in fur. (AC +1)
Your spells are a little harder to cast, but a little more powerful.


Message History

You hit something but do no damage. The two-headed ogre barely misses you.
The two-headed ogre hits you but does no damage.
You hit the two-headed ogre.
The two-headed ogre is severely wounded.
Something completely misses you. You block the two-headed ogre's attack.
The two-headed ogre barely misses you.
You hit the two-headed ogre.
The two-headed ogre is severely wounded.
Something hits you!
You barely miss the two-headed ogre.
The two-headed ogre is severely wounded.
The two-headed ogre hits you but does no damage.
The two-headed ogre misses you. Something hits you but does no damage.
Unknown command.
You sock the two-headed ogre!
You kill the two-headed ogre!
Okawaru is honoured by your kill. Something hits you but does no damage.
Your Maces & Flails skill increases to level 11!
Your Armour skill increases to level 11!
Your Stealth skill increases to level 2!
Unknown command.
You closely miss something.
You hear some strange, mumbled words.
You start resting.
Something hits you!
* * * LOW HITPOINT WARNING * * *
You start resting.
You hear some strange, mumbled words.
Something tries to affect you, but you resist.
You start resting.
You hear some strange, mumbled words.
Magic restored.
You start resting.
Something hits you but does no damage. Something completely misses you.
You hit something but do no damage. Something hits you!
* * * LOW HITPOINT WARNING * * *
Unknown command.
You hit something. You hit something but do no damage. Something hits you!!
You die...

__.#._# '###)##
......# ......#
#####'#
__#...#+##############
__#...#....#.#.#.)...#
__#..)##.#).#.##.###.#
__#...)##.#.#.##@#.)##
__'...#...#..#..##..
▓▓▓▓▓▓▓▓▓▓▓▓▓▓▓▓▓▓▓▓


There were no monsters in sight!

Vanquished Creatures
  A deep elf pyromancer (D)
  A shadow (D)
  A spatial vortex (D)
  A necrophage (D)
  5 two-headed ogres (D)
  A water elemental (D)
  A jelly (D)
  Crazy Yiuf (D)
  Jessica (D)
  A wizard (D)
  A necromancer (D)
  3 humans (D)
  A kobold demonologist (D)
  3 rats (D)
22 creatures vanquished.

Notes
Turn   | Place    | Note
-------+----------+-------------------------------------------
     0 | D        | mhtbhm the Gargoyle Fighter began the quest for the Orb.
     0 | D        | Reached XP level 1. HP: 14/14 MP: 1/1
    45 | D        | Noticed Jessica
    55 | D        | Killed Jessica
    56 | D        | Reached XP level 2. HP: 20/20 MP: 2/2
    56 | D        | Reached XP level 3. HP: 25/25 MP: 3/3
   173 | D        | Reached skill level 5 in Fighting
   173 | D        | Reached skill level 5 in Armour
   268 | D        | Noticed Crazy Yiuf
   272 | D        | Killed Crazy Yiuf
   273 | D        | Reached skill level 5 in Shields
   273 | D        | Reached XP level 4. HP: 32/32 MP: 4/4
   340 | D        | Gained mutation: You have sharp toenails. [potion of
                  | mutation]
   340 | D        | Gained mutation: You are covered in fur. (AC +1) [potion of
                  | mutation]
   340 | D        | Gained mutation: You have razor-sharp toenails. [potion of
                  | mutation]
   340 | D        | Gained mutation: Your spells are a little harder to cast,
                  | but a little more powerful. [potion of mutation]
   361 | D        | Noticed a water elemental
   370 | D        | Killed a water elemental
   371 | D        | Reached XP level 5. HP: 11/37 MP: 5/5
   608 | D        | Found a hide-covered altar of Uskayaw.
   608 | D        | Found an iron altar of Okawaru.
   608 | D        | Found a bloodstained altar of Trog.
   608 | D        | Found an ornate altar of the Wu Jian Council.
   608 | D        | Noticed a human
   609 | D        | Noticed a human
   655 | D        | Killed a human
   656 | D        | Reached XP level 6. HP: 28/44 MP: 6/6
   657 | D        | Killed a human
   797 | D        | Became a worshipper of Warmaster Okawaru
   827 | D        | Found a basalt altar of Yredelemnul.
   827 | D        | Found a shadowy altar of Dithmenos.
   827 | D        | Found a sacrificial altar of Ru.
   827 | D        | Noticed a necrophage
   833 | D        | Killed a necrophage
   834 | D        | Reached XP level 7. HP: 49/51 MP: 7/7
   891 | D        | Noticed a shadow
   903 | D        | Killed a shadow
   906 | D        | Reached skill level 1 in Dodging
   984 | D        | Found a glowing silver altar of Zin.
   984 | D        | Found a glowing golden altar of the Shining One.
   984 | D        | Found a white marble altar of Elyvilon.
   985 | D        | Noticed a deep elf pyromancer
   989 | D        | Killed a deep elf pyromancer
   989 | D        | Reached * piety under Okawaru
   990 | D        | Reached skill level 10 in Fighting
   990 | D        | Reached skill level 10 in Armour
   990 | D        | Reached XP level 8. HP: 49/58 MP: 9/11
  1045 | D        | Found a radiant altar of Vehumet.
  1045 | D        | Found a shimmering blue altar of Sif Muna.
  1045 | D        | Found an ancient bone altar of Kikubaaqudgha.
  1073 | D        | Reached skill level 1 in Stealth
  1244 | D        | Found a blossoming altar of Fedhas.
  1244 | D        | Found a stormy altar of Qazlal.
  1244 | D        | Found a snail-covered altar of Cheibriados.
  1244 | D        | Found a burning altar of Makhleb.
  1244 | D        | Found a shimmering altar of Xom.
  1245 | D        | Found a hazy altar of Hepliaklqana.
  1245 | D        | Found an opulent altar of Gozag.
  1245 | D        | Found a sparkling altar of Nemelex Xobeh.
  1245 | D        | Found a corrupted altar of Lugonu.
  1245 | D        | Found a viscous altar of Jiyva.
  1259 | D        | Reached skill level 10 in Maces & Flails
  1259 | D        | Reached skill level 5 in Invocations
  1308 | D        | Noticed a two-headed ogre
  1308 | D        | Noticed Erolcha
  1309 | D        | Noticed a two-headed ogre
  1320 | D        | Killed a two-headed ogre
  1320 | D        | Reached ** piety under Okawaru
  1321 | D        | Reached XP level 9. HP: 50/64 MP: 13/13
  1342 | D        | Killed a two-headed ogre
  1354 | D        | HP: 3/64 [something (13)]
  1356 | D        | Demolished by Erolcha

Illustrated notes

Levels and vault maps discovered:
D:        dungeon_sprint_mu [sprint_mu_entry_cave, sprint_mu_temple_rooms,
          sprint_mu_d1_spiders, sprint_mu_d2_genie, sprint_mu_d3_branching,
          sprint_mu_orc_legion, sprint_mu_elf_gauntlet, sprint_mu_hive_nellie,
          sprint_mu_lair_fedhas, sprint_mu_vaults_butterflies,
          sprint_mu_slime_circle, sprint_mu_shoals_kraken,
          sprint_mu_snake_twists, sprint_mu_blade_basic,
          sprint_mu_crypt_chambers, sprint_mu_tomb_spiral,
          sprint_mu_vestibule_basic, sprint_mu_gehenna_hellfire,
          sprint_mu_dis_giant, sprint_mu_tartarus_statrot,
          sprint_mu_cocytus_islands, sprint_mu_zot1]

Skill      XL: |  1  2  3  4  5  6  7  8  9 |
---------------+----------------------------+-----
Fighting       | 4 5 6 7 9 10 11 | 11.2
Maces & Flails | 3 4 6 7 9 10 11 | 11.3
Armour         | 4 5 6 7 9 10 11 | 11.0
Shields        | 4 5 6 7 8 |  8.7
Invocations    | 4 6 |  6.7
Dodging        | 1 2 |  2.1
Stealth        | 1 2 |  2.0
Evocations     | |  0.8

Action                   |  1- 3 |  4- 6 |  7- 9 || total
-------------------------+-------+-------+-------++-------
Melee: Flail             |    40 |    22 |    95 ||   157
       Kick              |       |     5 |       ||     5
Evoke: Tin of tremorston |       |       |     4 ||     4
  Use: Potion            |     2 |     4 |     3 ||     9
       Scroll            |       |     1 |       ||     1
Armor: Scale mail        |     9 |     5 |    36 ||    50
Dodge: Dodged            |    20 |     4 |    24 ||    48
Block: Buckler           |    10 |     2 |    12 ||    24

Table legend: (Time is in decaauts)
 A = Elapsed time spent in this place.
 B = Non-inter-level travel time spent in this place.
 C = Inter-level travel time spent in this place.
 D = Time resting spent in this place.
 E = Time spent auto-exploring this place.
 F = Levels seen in this place.
 G = Mean time per level.
                   A        B        C        D        E       F      G
               +--------+--------+--------+--------+--------+-----+--------+
         Total |   1340 |   1324 |     16 |    737 |    129 |   1 | 1340.0 |
       Dungeon |   1340 |   1324 |     16 |    737 |    129 |   1 | 1340.0 |
               +--------+--------+--------+--------+--------+-----+--------+

Top non-repeatable levels by time:
       D: 1340 daAuts
